 Dungeon Crawl Stone Soup version 0.25-a0-458-g6fc7858b95 (webtiles) character file.

Game seed: 15000594003474554025, levelgen mode: deterministic

7069 funkygono the Basher (level 10, -4/90 HPs)
             Began as a Minotaur Fighter on Feb 2, 2020.
             Was a Believer of the Shining One.
             Splashed by an oklob plant's acid (11 damage)
             ... on level 10 of the Dungeon.
             The game lasted 00:29:51 (9044 turns).

funkygono the Basher (Minotaur Fighter)             Turns: 9044, Time: 00:29:51

Health: -4/90      AC: 12    Str: 22    XL:     10   Next: 83%
Magic:  0/9        EV:  6    Int: 12    God:    the Shining One [**....]
Gold:   537        SH: 15    Dex: 12    Spells: 9/9 levels left

rFire    + + .     SeeInvis .   a - +3 flail
rCold    . . .     Gourm    .   i - +3 shield
rNeg     + + .     Faith    .   k - +1 plate armour
rPois    .         Spirit   +   (helmet restricted)
rElec    .         Reflect  .   g - scarf {Spirit}
rCorr    .         Harm     .   O - +0 pair of gloves of Ennui {rF+ rN+ Int+5}
MR       .....                  (no boots)
Stlth    ..........             (no amulet)
HPRegen  0.25/turn              D - ring of protection from fire
MPRegen  0.11/turn              n - +2 ring of intelligence

@: corroded, glowing
A: retaliatory headbutt, horns 2
a: Divine Shield, Renounce Religion


You were on level 10 of the Dungeon.
You worshipped the Shining One.
The Shining One was pleased with you.
You were hungry.

You visited 2 branches of the dungeon, and saw 11 of its levels.
You also visited: Bailey.

You collected 627 gold pieces.
You spent 90 gold pieces at shops.

Inventory:

Hand Weapons
 a - a +3 flail (weapon)
 b - a +0 hunting sling
Missiles
 h - 60 sling bullets (quivered)
 v - 350 stones
Armour
 g - a scarf of spirit shield (worn)
 i - a +3 shield (worn)
 k - a +1 plate armour (worn)
 o - a +0 cloak
 C - a +0 pair of gloves
 O - the +0 pair of gloves of Ennui (worn) {rF+ rN+ Int+5}
   (You found it on level 9 of the Dungeon)

   It affects your intelligence (+5).
   It protects you from fire.
   It protects you from negative energy.
   If you remove this armour, your AC will fall 2 points (12 -> 10)
Magical Staves
 L - an uncursed staff of summoning
 P - an uncursed staff of air {unknown}
Jewellery
 c - an uncursed ring of fire
 e - an uncursed ring of resist corrosion
 n - a +2 ring of intelligence (right hand)
 D - a ring of protection from fire (left hand)
Wands
 p - a wand of digging (2)
 s - a wand of polymorph (19)
 y - a wand of flame (23)
 z - a wand of acid (12)
 F - a wand of iceblast (10)
Scrolls
 B - 3 scrolls of magic mapping
 E - 2 scrolls of teleportation
 G - 2 scrolls of remove curse
Potions
 d - 3 potions of might
 j - 2 potions of cancellation
 m - 3 potions of agility
 q - 3 potions of lignification
 r - 2 potions of flight
 t - a potion of mutation
 u - 4 potions of magic {unknown}
 w - 2 potions of haste {unknown}
 x - 4 potions of brilliance
 A - 4 potions of curing
 H - 3 potions of heal wounds
 I - a potion of resistance {unknown}
 M - a potion of experience {unknown}
Miscellaneous
 N - a phantom mirror
Comestibles
 f - 18 rations


   Skills:
 + Level 8.6 Fighting
 + Level 11.9 Maces & Flails
 + Level 5.4 Slings
 + Level 8.7 Armour
 + Level 0.8 Dodging
 + Level 0.2 Stealth
 + Level 10.4 Shields


You had 9 spell levels left.
You didn't know any spells.
Your spell library contained the following spells:

 Spells                   Type           Power        Failure   Level  Hunger
 Confusing Touch          Hex            #.......     100%        3    ####...
 Gell's Gravitas          Tloc           #.........   100%        3    ####...
 Petrify                  Tmut/Erth      #.......     100%        4    #####..
 Metabolic Englaciation   Hex/Ice        #.........   100%        5    ######.
 Yara's Violent Unravell  Hex/Tmut       #.........   100%        5    ######.


Dungeon Overview and Level Annotations

Branches:
Dungeon (10/15)            Temple (1/1) D:7            Lair (0/6) D:10
    Orc (0/2) D:9          Bailey (visited)

Altars:
Ashenzari
Cheibriados
Dithmenos
Elyvilon
Fedhas
Gozag
Hepliaklqana
Kikubaaqudgha
Makhleb
Nemelex Xobeh
Okawaru
Qazlal
Ru
Sif Muna
Trog
Uskayaw
Vehumet
Wu Jian
Xom
Yredelemnul
Zin
The Shining One
Beogh

Shops:
D:6 *

Annotations:
D:8 3 runed translucent doors, LostGamesStreakFreak's ghost, novice DsMo
D:10 exclusion: oklob plant


Innate Abilities, Weirdness & Mutations

You reflexively headbutt those who attack you in melee.
You have a pair of horns on your head.


Message History

You thump the black bear!
You kill the black bear!
Really walk into a travel-excluded area?
Found a potion of flight.
Found a staircase to the Lair.
You see here a sling bullet.
h - 60 sling bullets (gained 1) Really walk into a travel-excluded area?
The oklob plant spits acid at you.
The splash of acid hits you but does no damage.
You are splashed with acid!
The oklob plant spits acid at you. The splash of acid hits you!
You are splashed with acid!
The oklob plant spits acid at you. The splash of acid hits you!
The acid corrodes you!
You are splashed with acid!
* * * LOW HITPOINT WARNING * * *
The oklob plant spits acid at you. The splash of acid hits you!
* * * LOW HITPOINT WARNING * * *
You are splashed with acid!
You die...

#. #...# .# #......
#.##.PP##.# #......
#...PPPP..# #...... ###
#≈..P>PP.≈# ####### ...
#..PPPPP..########
...#.##.PP##.#......#
#.#..#...#..#....).#
####..#...≈...#.......#
........@###..........#
!...........?...#####.#
...###.####.......##†##.
## #..<.................
#....................
#..>.........[.......
#....................
#....................
##################+##


You could see an oklob plant.

Vanquished Creatures
  An orc warlord (Bailey)
  An orc knight (Bailey)
  A deep elf mage (D:9)
  The ghost of TomasB23 the Shield-Bearer, a novice GrFi of Cheibriados (D:3)
  A troll (D:9)
  Sigmund (D:4)
  A vampire (D:9)
  A hungry ghost (D:9)
  Duvessa (D:6)
  7 orc warriors
  2 ice beasts
  2 sky beasts
  2 black bears
  2 ogres
  2 centaurs (D:9)
  5 bullfrogs
  Dowan (D:6)
  2 scorpions
  13 killer bees
  2 howler monkeys
  A bullfrog zombie (D:8)
  3 crimson imps (D:5)
  5 jellies
  6 orc priests
  Crazy Yiuf (D:2)
  A centaur skeleton (D:7)
  3 bullfrog skeletons
  2 hounds (D:6)
  3 orc wizards
  Ijyb (D:4)
  Terence (D:3)
  3 worker ants
  A hound zombie (D:6)
  A howler monkey zombie (D:9)
  13 gnolls
  6 adders
  An ooze (D:1)
  2 adder zombies
  4 worms
  A dart slug (D:1)
  3 adder simulacra (D:3)
  10 leopard geckos
  28 orcs
  4 ball pythons
  5 bats
  7 giant cockroaches
  12 goblins
  12 hobgoblins
  4 jackals (D:5)
  2 quokkas
  7 frilled lizards
  A giant cockroach zombie (D:6)
  A jackal simulacrum (D:3)
  A jackal zombie (D:6)
  25 kobolds
  A leopard gecko skeleton (D:8)
  A quokka simulacrum (D:3)
  10 rats
242 creatures vanquished.

Vanquished Creatures (others)
  An adder skeleton (D:9)
1 creature vanquished.

Grand Total: 243 creatures vanquished

Notes
Turn   | Place    | Note
-------+----------+-------------------------------------------
     0 | D:1      | funkygono the Minotaur Fighter began the quest for the Orb.
     0 | D:1      | Reached XP level 1. HP: 19/19 MP: 0/0
   187 | D:1      | Reached XP level 2. HP: 27/27 MP: 1/1
   409 | D:1      | Reached XP level 3. HP: 31/33 MP: 2/2
   509 | D:1      | Reached skill level 3 in Maces & Flails
  1103 | D:2      | Reached XP level 4. HP: 40/40 MP: 3/3
  1175 | D:2      | Found a runed translucent door.
  1176 | D:2      | Noticed Crazy Yiuf
  1189 | D:2      | Killed Crazy Yiuf
  1272 | D:3      | Reached skill level 4 in Maces & Flails
  1285 | D:3      | Reached XP level 5. HP: 38/47 MP: 4/4
  1761 | D:3      | Found a runed translucent gate.
  1761 | D:3      | Found a runed translucent gate.
  1761 | D:3      | Found a runed translucent gate.
  1761 | D:3      | Noticed an ice beast
  1771 | D:3      | Killed an ice beast
  1771 | D:3      | Reached skill level 5 in Maces & Flails
  1771 | D:3      | Reached skill level 5 in Shields
  1771 | D:3      | Reached XP level 6. HP: 53/53 MP: 5/5
  1810 | D:3      | Noticed TomasB23's ghost (novice GrFi)
  2055 | D:3      | Found a snail-covered altar of Cheibriados.
  2066 | D:3      | Noticed Terence
  2087 | D:3      | Killed Terence
  2379 | D:3      | Killed TomasB23's ghost
  2379 | D:3      | Reached skill level 5 in Fighting
  2379 | D:3      | Reached skill level 7 in Maces & Flails
  2379 | D:3      | Reached skill level 5 in Armour
  2379 | D:3      | Reached XP level 7. HP: 17/61 MP: 2/6
  2648 | D:4      | Noticed Ijyb
  2654 | D:4      | Killed Ijyb
  2787 | D:4      | Noticed Sigmund
  2796 | D:4      | Killed Sigmund
  2871 | D:4      | Reached skill level 8 in Maces & Flails
  2881 | D:4      | Reached XP level 8. HP: 64/69 MP: 7/7
  3560 | D:5      | Entered Level 5 of the Dungeon
  3670 | D:5      | You fall into a shaft and drop 3 floors!
  3740 | D:7      | Found a staircase to the Ecumenical Temple.
  3754 | Temple   | Entered the Ecumenical Temple
  3924 | D:7      | Reached skill level 9 in Maces & Flails
  3952 | D:6      | Noticed Dowan
  3970 | D:6      | Noticed Duvessa
  4012 | D:6      | Killed Duvessa
  4024 | D:6      | Killed Dowan
  4368 | D:6      | Reached XP level 9. HP: 72/78 MP: 8/8
  4755 | D:5      | Found a hazy altar of Hepliaklqana.
  4758 | D:5      | Found a shattered altar of Ashenzari.
  4904 | D:5      | Found a glowing golden altar of the Shining One.
  4909 | D:5      | Became a worshipper of the Shining One
  4915 | D:5      | Found a sacrificial altar of Ru.
  5546 | D:6      | Found Raihomikk's Assorted Antiques.
  5739 | D:7      | Reached skill level 10 in Maces & Flails
  5903 | D:7      | Found Zin's Purification Station.
  5908 | D:7      | Found a glowing silver altar of Zin.
  5911 | D:7      | Bought a potion of curing for 90 gold pieces
  5957 | D:7      | Reached skill level 1 in Slings
  6569 | D:8      | Found a runed translucent gate.
  6570 | D:8      | Found a runed translucent gate.
  6570 | D:8      | Found a runed translucent gate.
  6572 | D:8      | Noticed LostGamesStreakFreak's ghost (novice DsMo)
  6572 | D:8      | Reached * piety under the Shining One
  6970 | D:9      | Noticed a deep elf mage
  7001 | D:9      | Killed a deep elf mage
  7113 | D:9      | Found a flagged portal.
  7162 | D:9      | Noticed a troll
  7178 | D:9      | Killed a troll
  7178 | D:9      | Reached XP level 10. HP: 36/86 MP: 2/9
  7573 | Bailey   | Entered a bailey
  7578 | Bailey   | Noticed an orc warlord
  7579 | Bailey   | Reached ** piety under the Shining One
  7667 | Bailey   | Found a runed translucent gate.
  7668 | Bailey   | Found a runed translucent gate.
  7669 | Bailey   | Found a runed translucent gate.
  7684 | Bailey   | Noticed an orc knight
  7696 | Bailey   | Killed an orc knight
  7696 | Bailey   | Reached skill level 11 in Maces & Flails
  7910 | Bailey   | Killed an orc warlord
  7910 | Bailey   | Reached skill level 10 in Shields
  8196 | D:9      | Found a roughly hewn altar of Beogh.
  8196 | D:9      | Found a staircase to the Orcish Mines.
  8310 | D:9      | Reached skill level 5 in Slings
  8336 | D:9      | Got a pair of twisted gloves
  8347 | D:9      | Identified the +0 pair of gloves of Ennui {rF+ rN+ Int+5}
                  | (You found it on level 9 of the Dungeon)
  8760 | D:9      | Identified a scroll of acquirement
  8778 | D:10     | Entered Level 10 of the Dungeon
  8951 | D:10     | Noticed an oklob plant
  9032 | D:10     | Found a staircase to the Lair.
  9044 | D:10     | Splashed by an oklob plant's acid

Levels and vault maps discovered:
D:1:      onia_arrival_pentagram, layout_loops_ring,
          kennysheep_decorative_pillar, kennysheep_pointless_box
D:2:      layout_basic, uniq_crazy_yiuf_cottage
D:3:      layout_basic, cheibriados_altar_1, gammafunk_ghost_icy,
          eino_tiny_chamber, st_stairs_9, uniq_terence
D:4:      layout_layer_cave, serial_glass, glass_columns_a, glass_columns_b,
          first_ration, uniq_sigmund, uniq_ijyb
D:5:      layout_loops_corners, grunt_temple_overflow_cloverleaf,
          enter_ossuary_1
D:6:      layout_basic, serial_shops, nicolae_shop_behind_doors,
          grunt_decor_arrowhead, minmay_between, uniq_duvessa
D:7:      layout_cave_pools, zin_purify, minmay_temple_entry_butterflies
D:8:      layout_loops_corners, gammafunk_ghost_spectres
D:9:      layout_basic, david_orc_5, enter_bailey_2, minmay_misc_feat_square
D:10:     lemuel_reptile_caves, layout_stronghold, dpeg_oklobed_lair
Temple:   regret_index_temple_sphere_string

Skill      XL: |  1  2  3  4  5  6  7  8  9 10 |
---------------+-------------------------------+-----
Shields        | 4 5 6 7 8 10 | 10.4
Fighting       | 4 5 6 7 8 |  8.6
Armour         | 4 5 6 8 |  8.7
Maces & Flails | 3 4 5 7 8 9 10 11 | 11.9
Slings         | 4 5 |  5.4
Dodging        | |  0.8
Stealth        | |  0.2

Action                   |  1- 3 |  4- 6 |  7- 9 | 10-12 || total
-------------------------+-------+-------+-------+-------++-------
Melee: Flail             |   120 |   144 |   281 |   136 ||   681
       Headbutt          |    16 |    19 |    41 |    28 ||   104
 Fire: Hunting sling     |       |       |    46 |    37 ||    83
Throw: Stone             |       |       |       |    19 ||    19
  Use: Scroll            |     6 |     2 |    11 |     3 ||    22
       Potion            |       |       |     3 |     5 ||     8
  Eat: Chunk             |     1 |     3 |     9 |     7 ||    20
       Ration            |       |       |     2 |       ||     2
Armor: Scale mail        |    10 |       |       |       ||    10
       Plate armour      |    57 |    46 |   132 |    69 ||   304
Dodge: Dodged            |    17 |    15 |    38 |    37 ||   107
Block: Shield            |    72 |    87 |   232 |   156 ||   547

Table legend:
 A = Non-vault XP
 B = Vault XP
 C = Vault XP percentage of total XP
 D = Non-vault monster count
 E = Vault monster count
 F = Vault count percentage of total count
                 A         B        C        D         E       F
            +---------+---------+-------+---------+---------+-------
      Total |    5415 |    4684 |  46.4 |     172 |      70 |  28.9
            +---------+---------+-------+---------+---------+-------
        D:1 |      50 |       0 |   0.0 |      28 |       0 |   0.0
        D:2 |      47 |      41 |  46.6 |      17 |       1 |   5.6
        D:3 |     346 |     537 |  60.8 |      36 |      10 |  21.7
        D:4 |     360 |     248 |  40.8 |       8 |       2 |  20.0
        D:5 |     745 |       0 |   0.0 |      22 |       0 |   0.0
        D:6 |     794 |     330 |  29.4 |      15 |       7 |  31.8
        D:7 |     447 |       0 |   0.0 |      13 |       0 |   0.0
        D:8 |     235 |       0 |   0.0 |       6 |       0 |   0.0
        D:9 |    1857 |     828 |  30.8 |      17 |      23 |  57.5
       D:10 |     534 |       0 |   0.0 |      10 |       0 |   0.0
     Bailey |       0 |    2700 | 100.0 |       0 |      27 | 100.0
            +---------+---------+-------+---------+---------+-------
